 Dungeon Crawl Stone Soup version 0.20-a0-553-g9f38e11 (webtiles) character file.

4700 TuxedoFelix the Covert (level 10, -7/92 HPs)
             Began as a Deep Dwarf Berserker on Feb 3, 2017.
             Was a High Priest of Trog.
             Mangled by a brown ugly thing (15 damage)
             ... on level 9 of the Dungeon.
             The game lasted 01:10:41 (8208 turns).

TuxedoFelix the Covert (Deep Dwarf Berserker)       Turns: 8208, Time: 01:10:42

Health: -7/92      AC:  1    Str: 24    XL:     10   Next: 21%
Magic:  9/9        EV: 12    Int:  8    God:    Trog [*****.]
Gold:   178        SH:  0    Dex: 12    Spells: 9/9 levels left

rFire    . . .     SeeInvis +   w - +1 hand axe (chop)
rCold    . . .     Gourm    +   A - +5 ring mail "Dayxem" {+Inv}
rNeg     . . .     Faith    .   (no shield)
rPois    .         Spirit   .   (no helmet)
rElec    .         Reflect  .   (no cloak)
rCorr    .         Harm     .   E - +0 pair of gloves
MR       +....                  (no boots)
Stlth    ++++......             s - amulet of the gourmand
Regen    0.0/turn               H - ring of see invisible
                                l - ring of magical power

@: exhausted, corroded, non-regenerating, slowed, very slow
A: damage resistance, recharge devices, sense surroundings 2, slow regeneration
3
a: Heal Wounds, Berserk, Trog's Hand, Brothers in Arms, Burn Spellbooks,
Renounce Religion, Evoke Invisibility


You were on level 9 of the Dungeon.
You worshipped Trog.
Trog was extremely pleased with you.
You were very full.

You visited 1 branch of the dungeon, and saw 9 of its levels.
You also visited: Sewer.

You collected 488 gold pieces.
You spent 310 gold pieces at shops.

Inventory:

Hand Weapons
 w - a +1 hand axe of chopping (weapon)
Armour
 A - the +5 ring mail "Dayxem" (worn) {+Inv}
   (You bought it in a shop on level 6 of the Dungeon)

   It lets you turn invisible.
 E - a +0 pair of gloves (worn)
 O - a +0 plate armour
Jewellery
 l - a ring of magical power (left hand)
 s - an amulet of the gourmand (around neck)
 t - an uncursed ring of protection from fire
 D - an uncursed ring of positive energy
 H - a ring of see invisible (right hand)
Wands
 c - a wand of flame (23/48)
Scrolls
 e - 5 scrolls of enchant weapon
 g - 2 scrolls of enchant armour
 h - 3 scrolls of noise
 k - a scroll of fear
 m - 4 scrolls of remove curse
 n - 2 scrolls of blinking
 o - 2 scrolls of immolation
 q - 3 scrolls of amnesia
 v - 4 scrolls of teleportation
 y - 2 scrolls of magic mapping
 F - 2 scrolls of fog
 K - a scroll of recharging
Potions
 a - a potion of beneficial mutation
 d - a potion of cure mutation {unknown}
 i - 2 potions of curing
 j - 2 potions of lignification
 r - a potion of berserk rage
 x - 2 potions of heal wounds {unknown}
 z - 2 potions of haste
 B - a potion of resistance {unknown}
 C - 2 potions of agility
 G - 2 potions of brilliance
 I - a potion of flight {unknown}
Books
 N - a book of Battle

   Spells                             Type                      Level
   a - Infusion                       Charms                       1
   b - Shroud of Golubria             Charms/Translocation         2
   c - Song of Slaying                Charms                       2
   d - Spectral Weapon                Hexes/Charms                 3
   e - Regeneration                   Charms/Necromancy            3
   Trog disapproves of the use of such an item.
Comestibles
 b - 4 royal jellies
 f - 3 chunks of flesh
 p - 2 bread rations
 u - 5 meat rations


   Skills:
 + Level 6.8 Fighting
 + Level 8.1 Axes
 + Level 7.6 Armour
 - Level 2.3 Dodging
 * Level 11.8 Stealth
 + Level 1.0 Evocations


You had 9 spell levels left.
You didn't know any spells.

Dungeon Overview and Level Annotations

Branches:
Dungeon (9/15)             Temple (0/1) D:7
   Lair: D:8-11         Orc: D:9-12

Altars:
Cheibriados
Elyvilon
Fedhas
Kikubaaqudgha
Nemelex Xobeh
Okawaru
Qazlal
Ru
Sif Muna

Shops:
D:6 [


Innate Abilities, Weirdness & Mutations

You are resistant to damage.
You can recharge devices by infusing magical energy.
You passively map the area around you.
You do not regenerate.


Message History

You are too berserk!
You slash the brown ugly thing!
The brown ugly thing is almost dead.
You slash the brown ugly thing!
The brown ugly thing is almost dead.
The brown ugly thing tail-slaps you.
* * * LOW HITPOINT WARNING * * *
You are splashed with acid!
The acid burns!
* * * LOW HITPOINT WARNING * * *
You feel a strong urge to attack something.
You feel your anger subside.
You are no longer berserk.
You are exhausted.
You feel yourself slow down.
Blink to where?
Press: ? - help, Dir - move target cursor There's something in the way.
Okay, then.
The brown ugly thing tail-slaps you!
You die...

##.## * * , , #.# * ,
, * #.# * *,* , #.#
,* ** * *
##.#############
###.......##....# *
#############.##.##.#
* * ......###
#.##.##.# ** *
#####.## #...@.#.# ,*
# #.# #####u#.# , * ,
# #.# #.#.#.#.#, , #
#.# #.#.#.#h# #####.#
#.#.#.#.# , #.##..#
#.#.#.* * ....(##
#.#.#.# * #.####
#.#.#.#.* , #.# * **
#.# #.#.# , **


You could see a brown ugly thing.

Vanquished Creatures
  A hippogriff (D:8)
  Eustachio (D:5)
  Grum (D:9)
  A wraith (D:8)
  Duvessa (D:5)
  An ice beast (D:7)
  An orc warrior (D:8)
  A sky beast (D:6)
  An ogre (D:8)
  3 phantoms
  2 necrophages (D:8)
  4 centaurs
  2 wolves (D:9)
  A big kobold (D:8)
  Blork the orc (D:5)
  2 bullfrogs
  A wyvern zombie (D:7)
  An elf skeleton (D:8)
  Dowan (D:5)
  A scorpion (D:3)
  5 killer bees (D:8)
  5 wights
  2 howler monkeys
  3 crimson imps
  A centaur zombie (D:5)
  3 human zombies (D:8)
  2 hounds
  A jelly (D:4)
  An orc priest (D:8)
  A gnoll shaman (D:5)
  2 bullfrog skeletons
  2 centaur skeletons (D:6)
  Jessica (D:2)
  An iguana (D:8)
  3 orc wizards
  A human skeleton (D:8)
  4 worker ants
  An ogre skeleton (D:8)
  A mummy (D:8)
  Robin (D:2)
  6 gnolls
  19 adders
  A river rat (D:4)
  3 shadow imps
  3 oozes
  An adder skeleton (D:5)
  7 worms
  2 dart slugs
  4 leopard geckos
  22 orcs
  3 ball pythons
  7 giant cockroaches
  14 goblins
  8 hobgoblins
  21 jackals
  6 quokkas
  8 bats
  10 frilled lizards
  22 kobolds
  A leopard gecko skeleton (D:6)
  An orc skeleton (D:8)
  A quokka skeleton (D:2)
  14 rats
253 creatures vanquished.

Vanquished Creatures (collateral kills)
  A two-headed ogre (D:8)
  2 big kobolds (D:8)
  A bullfrog (D:8)
  A jelly (D:8)
  A bullfrog zombie (D:8)
  5 kobolds (D:8)
11 creatures vanquished.

Grand Total: 264 creatures vanquished

Notes
Turn   | Place    | Note
-------+----------+-------------------------------------------
     0 | D:1      | TuxedoFelix the Deep Dwarf Berserker began the quest for the Orb.
     0 | D:1      | Reached XP level 1. HP: 20/20 MP: 1/1
   215 | D:1      | Reached skill level 1 in Stealth
   215 | D:1      | Reached XP level 2. HP: 21/27 MP: 2/2
   860 | D:1      | Reached XP level 3. HP: 32/34 MP: 3/3
  1047 | D:2      | Reached ** piety under Trog
  1064 | D:2      | Noticed Jessica
  1085 | D:2      | Killed Jessica
  1085 | D:2      | Reached skill level 2 in Stealth
  1152 | D:2      | Reached XP level 4. HP: 37/42 MP: 4/4
  1216 | D:2      | Found a blossoming altar of Fedhas.
  1237 | D:2      | Found a sparkling altar of Nemelex Xobeh.
  1433 | D:2      | Noticed Robin
  1447 | D:2      | Reached skill level 3 in Stealth
  1467 | D:2      | Killed Robin
  1757 | D:2      | Reached XP level 5. HP: 46/49 MP: 5/5
  1915 | D:2      | Reached *** piety under Trog
  2347 | D:3      | Reached skill level 4 in Stealth
  2605 | D:3      | Reached XP level 6. HP: 53/57 MP: 5/5
  2915 | D:4      | Reached **** piety under Trog
  2917 | D:4      | Reached skill level 5 in Stealth
  3082 | D:4      | Found a glowing drain.
  3105 | Sewer    | Entered a sewer
  4059 | D:4      | Reached XP level 7. HP: 41/63 MP: 6/6
  4064 | D:4      | Reached skill level 5 in Axes
  4303 | D:5      | Entered Level 5 of the Dungeon
  4361 | D:5      | Noticed Blork the orc
  4373 | D:5      | Killed Blork the orc
  4428 | D:5      | Reached skill level 6 in Stealth
  4643 | D:5      | Noticed Eustachio
  4646 | D:5      | Noticed Duvessa
  4646 | D:5      | Noticed Dowan
  4659 | D:5      | Killed Eustachio
  4659 | D:5      | Reached skill level 5 in Armour
  4665 | D:5      | Killed Duvessa
  4665 | D:5      | Received a gift from Trog
  4665 | D:5      | Reached skill level 7 in Stealth
  4665 | D:5      | Reached XP level 8. HP: 73/73 MP: 6/6
  4693 | D:5      | Killed Dowan
  5152 | D:6      | Reached skill level 8 in Stealth
  5183 | D:6      | Found a sacrificial altar of Ru.
  5185 | D:6      | Found a stormy altar of Qazlal.
  5202 | D:6      | Found a white marble altar of Elyvilon.
  5207 | D:6      | Found a snail-covered altar of Cheibriados.
  5207 | D:6      | Found an iron altar of Okawaru.
  5208 | D:6      | Found a deep blue altar of Sif Muna.
  5337 | D:6      | Reached skill level 5 in Fighting
  5403 | D:6      | Found Fathakhlu's Antique Armour Shop.
  5411 | D:6      | Bought a faintly humming ring mail for 207 gold pieces
  5421 | D:6      | Identified the +5 ring mail "Dayxem" {+Inv} (You bought it in a shop on level 6 of the Dungeon)
  5421 | D:6      | Bought a pair of gloves for 103 gold pieces
  5506 | D:6      | Reached ***** piety under Trog
  5750 | D:7      | Reached skill level 9 in Stealth
  6118 | D:7      | Found a staircase to the Ecumenical Temple.
  6216 | D:7      | Gained mutation: You passively map the area around you. [Deep Dwarf growth]
  6216 | D:7      | Reached XP level 9. HP: 81/81 MP: 5/5
  6865 | D:8      | Reached skill level 10 in Stealth
  6870 | D:8      | Found an ancient bone altar of Kikubaaqudgha.
  6893 | D:8      | Received a gift from Trog
  7238 | D:8      | Noticed a two-headed ogre
  7243 | D:8      | Killed a two-headed ogre
  7263 | D:8      | Reached skill level 11 in Stealth
  7435 | D:8      | Reached XP level 10. HP: 71/92 MP: 2/2
  7748 | D:9      | Found a sparkling altar of Nemelex Xobeh.
  8018 | D:9      | Noticed Grum
  8036 | D:9      | Killed Grum
  8036 | D:9      | Reached skill level 1 in Evocations
  8172 | D:9      | Noticed a brown ugly thing
  8208 | D:9      | Mangled by a brown ugly thing

Vault maps used:
D:1:      sevenhm_arrival_forest_fort_small_4, minmay_hexomino_f4
D:2:      lemuel_crystal_altar, fedhas_altar_3, kennysheep_generic_room_6,
          uniq_robin, uniq_jessica
D:3:      st_stairs_14
D:4:      first_bread, portal_sewer_entry_b, glass_columns_a
D:5:      uniq_eustachio, uniq_blork_the_orc, uniq_duvessa
D:6:      grunt_temple_overflow_open, serial_shops, shop, item_on_display_a
D:7:      minmay_temple_entry_purple_smoke
D:8:      lemuel_mausoleum_altar_kikubaaqudgha
D:9:      serial_co_window_serial, co_window_paths_a,
          co_window_of_opportunity_a, co_window_corner_a, co_window_paths_a,
          co_window_paths_a, co_window_paths_a, co_window_corner_b,
          co_window_unsneaky_path_d, co_window_paths_c, co_window_2corner,
          co_window_paths_d, glass_columns_a, glass_columns_a, glass_columns_b,
          glass_columns_a, grunt_livestock, minmay_misc_feat_five,
          nemelex_xobeh_ov_fountains_minmay, uniq_grum
Sewer:    sewer_co_cracked_pipes

Skill      XL: |  1  2  3  4  5  6  7  8  9 10 |
---------------+-------------------------------+-----
Stealth        | 1 2 3 4 5 7 9 11 | 11.8
Fighting       | 3 4 5 6 |  6.8
Axes           | 4 5 6 7 8 |  8.1
Armour         | 3 4 5 6 7 |  7.6
Evocations     | 1 |  1.0
Dodging        | |  2.3

Action                   |  1- 3 |  4- 6 |  7- 9 | 10-12 || total
-------------------------+-------+-------+-------+-------++-------
Melee: Hand axe          |   151 |   356 |   492 |   136 ||  1135
Invok: Berserk           |     1 |     1 |     2 |     1 ||     5
       Trog's Hand       |       |       |     2 |       ||     2
       Brothers in Arms  |       |       |     1 |       ||     1
 Abil: Heal Wounds       |     3 |     6 |    18 |     5 ||    32
Evoke: Wand              |       |       |     3 |       ||     3
  Use: Scroll            |       |     7 |     8 |     4 ||    19
       Potion            |       |       |     5 |     1 ||     6
 Stab: Sleeping          |       |       |    14 |       ||    14
  Eat: Bread ration      |     1 |       |       |       ||     1
       Chunk             |       |    22 |    14 |     3 ||    39
Armor: Scale mail        |    56 |   160 |    73 |       ||   289
       Animal skin       |     1 |       |       |       ||     1
       Ring mail         |       |       |   147 |    44 ||   191
Dodge: Dodged            |    92 |   214 |   258 |    89 ||   653
